 Dungeon Crawl Stone Soup version 0.22.1-1-ga44c0e5 (webtiles) character file.

55 Zephyr the Skirmisher (level 3, -9/30 HPs)
             Began as a Demonspawn Chaos Knight on Nov 1, 2018.
             Killed by divine providence
             ... invoked by an orc priest
              (11 damage)
             ... on level 3 of the Dungeon.
             The game lasted 00:05:20 (1250 turns).

Zephyr the Skirmisher (Demonspawn Chaos Knight)     Turns: 1250, Time: 00:05:21

Health: -9/30      AC:  5    Str: 13    XL:     3   Next: 67%
Magic:  3/3        EV: 11    Int: 13    God:    Xom [...*..]
Gold:   61         SH:  0    Dex: 12    Spells: 2/2 levels left

rFire    . . .     SeeInvis .   a - +0 falchion (chaos)
rCold    . . .     Gourm    .   (no shield)
rNeg     . . .     Faith    .   b - +2 leather armour
rPois    .         Spirit   .   (no helmet)
rElec    .         Reflect  .   (no cloak)
rCorr    .         Harm     .   (no gloves)
MR       .....                  (no boots)
Stlth    +.........             (no amulet)
HPRegen  0.10/turn              (no ring)
MPRegen  0.08/turn              (no ring)

@: no status effects
A: talons 1
a: Renounce Religion


You were on level 3 of the Dungeon.
You worshipped Xom.
You were a favourite toy of Xom.
You were not hungry.

You visited 1 branch of the dungeon, and saw 3 of its levels.

You collected 61 gold pieces.

Inventory:

Hand Weapons
 a - a +0 falchion of chaos (weapon)
Armour
 b - a +2 leather armour (worn)
Jewellery
 g - an uncursed ring of poison resistance {unknown}
 h - a +5 ring of evasion {unknown}
Scrolls
 e - 2 scrolls of enchant weapon {unknown}
 i - a scroll of fear {unknown}
 j - 3 scrolls of fog {unknown}
 k - a scroll of random uselessness {unknown}
 l - a scroll of remove curse {unknown}
 n - a scroll of immolation {unknown}
Potions
 d - a potion of flight {unknown}
 f - a potion of curing {unknown}
 m - a potion of ambrosia {unknown}
 o - a potion of resistance {unknown}
Comestibles
 c - 3 rations


   Skills:
 + Level 3.8 Fighting
 + Level 3.3 Long Blades
 + Level 2.0 Armour
 + Level 1.3 Dodging


You had 2 spell levels left.
You didn't know any spells.
Your spell library was empty.

Dungeon Overview and Level Annotations

Branches:
Dungeon (3/15)

Altars:
Gozag


Innate Abilities, Weirdness & Mutations

You have sharp toenails.


Message History

Beogh smites you!
You hit the orc priest. You freeze the orc priest.
You claw the orc priest, but do no damage.
The orc priest is lightly wounded.
The orc priest barely misses you.
You hit the orc priest but do no damage.
The orc priest is lightly wounded.
The orc priest hits you.
You closely miss the orc priest. Your kick misses the orc priest.
The orc priest is lightly wounded.
The orc priest calls down the wrath of Beogh upon you.
Beogh smites you!
* * * LOW HITPOINT WARNING * * *
You emit a cloud of colourful smoke!
You hit the orc priest. Your kick misses the orc priest.
The orc priest is moderately wounded.
The orc priest mumbles some strange prayers to Beogh against you.
Beogh smites you!
You die...
Xom snickers!

#............ p
#........#.###.
#.....<........
##..##.........
# ##.######. g
#.# #.# ###
#.####§#
#..§§@o#
######§#### ###
#....#
#.#####.##.#
#.......##.#
#.####..##.# ##
#.......##.#...
#.####..##.#?#
#.# #..##...##


You could see an orc priest.

Vanquished Creatures
  An orc wizard (D:3)
  A worm (D:2)
  A dart slug (D:1)
  2 leopard geckos (D:2)
  2 orcs (D:3)
  A ball python (D:1)
  2 giant cockroaches
  2 goblins (D:1)
  A hobgoblin (D:2)
  3 bats
  2 frilled lizards (D:1)
  A kobold (D:1)
  3 rats
22 creatures vanquished.

Vanquished Creatures (others)
  A goblin (D:2)
1 creature vanquished.

Grand Total: 23 creatures vanquished

Notes
Turn   | Place    | Note
-------+----------+-------------------------------------------
     0 | D:1      | Zephyr the Demonspawn Chaos Knight began the quest for the
                  | Orb.
     0 | D:1      | Reached XP level 1. HP: 18/18 MP: 1/1
    38 | D:1      | You fall through a shaft!
    58 | D:2      | XOM: silly message
    82 | D:2      | XOM: divination: magic mapping
   271 | D:1      | Reached skill level 1 in Dodging
   282 | D:1      | Gained mutation: You have sharp toenails. [demonic
                  | ancestry]
   282 | D:1      | Reached XP level 2. HP: 18/24 MP: 2/2
   889 | D:2      | Found an opulent altar of Gozag.
  1220 | D:3      | XOM: enchant monster (good)
  1234 | D:3      | Reached XP level 3. HP: 29/29 MP: 3/3
  1244 | D:3      | XOM: divination: detect creatures
  1249 | D:3      | XOM: smoke on damage
  1250 | D:3      | Killed from afar by an orc priest

Skill      XL: |  1  2  3 |
---------------+----------+-----
Dodging        | 1 |  1.3
Long Blades    | 3 |  3.3
Armour         | 2 |  2.0
Fighting       | |  3.8

Action                   || total
-------------------------++-------
Melee: Falchion          ||    72
       Kick              ||    11
  Eat: Chunk             ||     1
Armor: Leather armour    ||    37
Dodge: Dodged            ||    35
       Rpst.: Falchion   ||     7
